 Dungeon Crawl Stone Soup version 0.18.1-50-g88ac8fd (webtiles) character file.

46 Hawkwind the Shield-Bearer (level 3, -2/24 HPs)
             Began as a Gargoyle Fighter on May 25, 2019.
             Killed from afar by a white imp (10 damage)
             ... with a puff of frost
             ... summoned by Natasha
             ... on level 4 of the Dungeon.
             The game lasted 00:05:29 (1027 turns).

Hawkwind the Shield-Bearer (Gargoyle Fighter)       Turns: 1027, Time: 00:05:30

Health: -2/24      AC: 10    Str: 20    XL:     3   Next: 68%
Magic:  3/3        EV:  7    Int:  8    God:
Gold:   53         SH: 13    Dex:  9    Spells: 0 memorised, 2 levels left

rFire  + . .     SeeInvis .     a - +0 trident
rCold  x . .     Gourm    .     b - +0 scale mail
rNeg   + . .     Faith    .     c - +0 shield
rPois  ∞         Spirit   .     (no helmet)
rElec  +         Dismiss  .     (no cloak)
rCorr  +         Reflect  +     (no gloves)
SustAt .         Harm     .     (no boots)
MR     .....                    l - +4 amulet of reflection
Stlth  ..........               k - ring of resist corrosion
                                g - ring of fire

@: not resistant to hostile enchantments, extremely unstealthy
A: negative energy resistance 1, electricity resistance, unbreathing,
petrification resistance, rot immunity, AC +3
a: no special abilities


You were on level 4 of the Dungeon.
You were not hungry.

You visited 1 branch of the dungeon, and saw 5 of its levels.

You collected 53 gold pieces.

Inventory:

Hand Weapons
 a - a +0 trident (weapon)
Armour
 b - a +0 scale mail (worn)
 c - a +0 shield (worn)
Jewellery
 g - a ring of fire (left hand)
 k - a ring of resist corrosion (right hand)
 l - a +4 amulet of reflection (around neck)
Scrolls
 e - 2 scrolls of identify {unknown}
 i - a scroll of enchant weapon {unknown}
 m - a scroll of noise {unknown}
Potions
 d - a potion of might
 j - a potion of heal wounds {unknown}
 n - 2 potions of degeneration {unknown}
 p - a potion of beneficial mutation {unknown}
Comestibles
 f - 2 bread rations
 h - 2 meat rations
 o - 2 slices of pizza


   Skills:
 + Level 3.7 Fighting
 + Level 2.2 Polearms
 + Level 3.6 Armour
 + Level 0.4 Dodging
 + Level 3.8 Shields


You had 2 spell levels left.
You didn't know any spells.

Dungeon Overview and Level Annotations

Branches:
Dungeon (5/15)
 Temple: D:4-7

Altars:

Shops:
D:4 [

Annotations:
D:4 Natasha


Innate Abilities, Weirdness & Mutations

You are resistant to torment.
Your stone body is resilient (AC +3).
You are immune to poison.
You resist negative energy.
You are resistant to electric shocks.
You can survive without breathing.
You are immune to petrification.
You are immune to rotting.


Message History

You block the crimson imp's attack.
Natasha casts a spell.
You block the crimson imp's attack.
Natasha extends her claws.
The white imp gestures at you. The puff of frost hits you!
You feel a terrible chill!
Natasha stares at you and mumbles some strange words.
The magic dart hits you!
* * * LOW HITPOINT WARNING * * *
The white imp sputters.
Natasha mumbles some strange words.
Unknown command.
Found a stone staircase leading up.
The crimson imp disappears in a puff of smoke!
Natasha mumbles some strange words.
Natasha shimmers violently.
Natasha mumbles some strange words.
The white imp gestures at you. The puff of frost hits you!
You feel a terrible chill!
You die...

#####h####.........h##
#o# #..........'. #5#
#..........## #5#
#..........# #.#
#.####+##### #.# #.#
#.# #@# #.# #.# #<#
#.# #.# #.# #.#


You could see a crimson imp, a white imp and an orc.

Vanquished Creatures
  2 adders
  A worm (D:2)
  2 dart slugs
  An orc (D:3)
  A giant cockroach (D:2)
  2 goblins
  2 hobgoblins
  2 jackals (D:2)
  A kobold (D:3)
  A quokka (D:3)
  A bat (D:1)
  4 giant newts
  2 rats
22 creatures vanquished.

Notes
Turn   | Place    | Note
--------------------------------------------------------------
     0 | D:1      | Hawkwind the Gargoyle Fighter began the quest for the Orb.
     0 | D:1      | Reached XP level 1. HP: 14/14 MP: 1/1
     6 | D:1      | Noticed a lindwurm
     6 | D:1      | Noticed a wolf
     6 | D:1      | Noticed a black mamba
     7 | D:1      | Noticed an iguana
     7 | D:1      | Noticed a redback
   220 | D:2      | Reached XP level 2. HP: 19/19 MP: 2/2
   521 | D:2      | Reached XP level 3. HP: 3/23 MP: 3/3
   924 | D:5      | Entered Level 5 of the Dungeon
   924 | D:5      | Noticed an ogre
   950 | D:4      | Noticed Natasha
   993 | D:4      | Found Mesemeiw's Armour Shoppe.
  1027 | D:4      | Killed from afar by a white imp

Skill      XL: |  1  2 |
---------------+-------+-----
Polearms       | 2 |  2.2
Fighting       | |  3.7
Armour         | |  3.6
Dodging        | |  0.4
Shields        | |  3.8

Action                   || total
-------------------------++-------
Melee: Trident           ||    77
Armor: Scale mail        ||    47
Dodge: Dodged            ||    23
Block: Shield            ||    46
       Reflection        ||     3
